 Dungeon Crawl Stone Soup version 0.21-a0-274-gc1afaeb (webtiles) character file.

263 Gorice the Shooter (level 6, -4/38 HPs)
             Began as a Gnoll Arcane Marksman on Sept 18, 2017.
             Killed by nerve-wracking pain
             ... invoked by an orc priest
              (10 damage)
             ... on level 4 of the Dungeon.
             The game lasted 00:17:34 (4993 turns).

Gorice the Shooter (Gnoll Arcane Marksman)          Turns: 4993, Time: 00:17:35

Health: -4/38      AC:  4    Str:  7    XL:     6   Next: 19%
Magic:  0/8        EV: 12    Int:  7    God:
Gold:   164        SH:  0    Dex:  7    Spells: 5/8 levels left

rFire    . . .     SeeInvis .   b - +1 dagger (drain)
rCold    . . .     Gourm    .   (no shield)
rNeg     . . .     Faith    .   e - +0 robe
rPois    .         Spirit   +   v - +0 helmet
rElec    .         Reflect  .   (no cloak)
rCorr    .         Harm     .   (no gloves)
MR       .....                  w - +0 pair of boots
Stlth    +.........             j - amulet of guardian spirit
HPRegen  0.12/turn              (no ring)
MPRegen  0.11/turn              (no ring)

@: mighty
A: unchanging attributes, fangs 1, frail 1, strong nose
a: no special abilities


You were on level 4 of the Dungeon.
You were very hungry.

You visited 1 branch of the dungeon, and saw 4 of its levels.

You collected 164 gold pieces.

Inventory:

Hand Weapons
 a - a +0 shortbow
 b - a +1 dagger of draining (weapon)
   (You took it off a goblin on level 1 of the Dungeon)
 y - a +0 war axe
 B - a +0 blowgun
 G - a cursed -2 flail
Missiles
 d - 3 arrows
 s - 52 bolts
 C - 8 poisoned needles
 Z - 93 stones (quivered)
Armour
 e - a +0 robe (worn)
 g - a +0 scale mail
 o - a +0 ring mail
 p - a +0 chain mail
 v - a +0 helmet (worn)
 w - a +0 pair of boots (worn)
Jewellery
 j - an amulet of guardian spirit (around neck)
Scrolls
 h - a scroll of remove curse
 k - a scroll of magic mapping {!r}
Potions
 l - a potion of curing {unknown}
 m - 3 potions of lignification {!q}
 n - a potion of mutation {!q}
 q - a potion of might {!q}
 t - 2 potions of degeneration {unknown}
 A - a potion of heal wounds {unknown}
 D - 2 potions of haste {unknown}
 E - a potion of brilliance {unknown}
 F - a potion of ambrosia {unknown}
Books
 c - a book of Debilitation
Comestibles
 f - 3 bread rations {!e}
 u - 3 meat rations {!e}
 x - 2 fruits
 z - a royal jelly


   Skills:
 - Level 1.3 Fighting
 * Level 7.1 Bows
 - Level 2.6 Dodging
 - Level 1.5 Spellcasting
 + Level 5.9 Hexes


You had 5 spell levels left.
You knew the following spells:

 Your Spells              Type           Power        Failure   Level  Hunger
a - Corona                Hex            #......      3%          1    ##.....
b - Slow                  Hex            #.......     5%          2    ###....


Dungeon Overview and Level Annotations

Branches:
Dungeon (4/15)
 Temple: D:4-7

Altars:
Ashenzari
Dithmenos


Innate Abilities, Weirdness & Mutations

Your physical attributes are unchanging.
You have very sharp teeth.
Your uncanny sense of smell can sniff out nearby items.
You are frail. (-10% HP)


Message History

The orc wizard resists with significant effort.
The orc wizard gestures at you while chanting.
The magic dart hits you!
Damage: 5 (max 5) Firing (i - inventory. (,) - cycle):
d - 7 arrows (quivered)
Press: ? - help, Shift-Dir - straight line, f/p - orc wizard
Aim: an orc wizard, wielding a dagger and wearing a robe You shoot an arrow.
The arrow hits the orc wizard.
The orc wizard is lightly wounded.
The orc wizard casts a spell at you. The magic dart hits you!
The orc priest mumbles some strange prayers to Beogh against you.
Pain shoots through your body!
* * * LOW HITPOINT WARNING * * *
Damage: 12 (max 12) Firing (i - inventory. (,) - cycle):
d - 6 arrows (quivered)
Press: ? - help, Shift-Dir - straight line, f/p - orc wizard
Aim: an orc wizard, wielding a dagger and wearing a robe (lightly wounded)
You shoot an arrow. The arrow hits the orc wizard.
The orc wizard is lightly wounded.
The orc wizard closely misses you.
Unknown command.
Firing (i - inventory. (,) - cycle):
d - 5 arrows (quivered)
Press: ? - help, Shift-Dir - straight line, f/p - orc wizard
Aim: an orc wizard, wielding a dagger and wearing a robe (lightly wounded)
You shoot an arrow. The arrow misses the orc wizard.
The orc wizard barely misses you. The orc priest misses you.
Unknown command.
Firing (i - inventory. (,) - cycle):
d - 4 arrows (quivered)
Press: ? - help, Shift-Dir - straight line, f/p - orc wizard
Aim: an orc wizard, wielding a dagger and wearing a robe (lightly wounded)
You shoot an arrow.
The arrow closely misses the orc wizard.
The orc wizard hits you but does no damage.
The orc priest barely misses you.
You sense an unholy aura.
b - a +1 dagger of draining (weapon)
It was a potion of mutation.
You feel extremely strange.
You feel frail.
You feel a little pissed off.
You feel a little more calm. The orc wizard misses you.
The orc priest mumbles some strange prayers to Beogh against you.
Pain shoots through your body!
* * * LOW HITPOINT WARNING * * *
Damage: 11 (max 12) It was a potion of might.
You feel very mighty all of a sudden.
The orc wizard begins to cast a cantrip, but forgets the words!
The orc priest mumbles some strange prayers to Beogh against you.
Pain shoots through your body!
You die...

..## #..#..#.#.#. #.
..... #.o#....... .....
#.o...#.#.
....#####.o......#
####.........# #...#
##.⌠#.........# #..#
....#......#..# #..#
...#.#.#..##o.####.####.#
...#...#..##..##@o.....#
...+...#...#..oo.#..###.#
...#...#...#..#####.#
....##.#...#..# ..#
....#......#..# #.#
##.⌠..........# ..
##.#......#### #.#
#.........# .#
#..#..#...#


You could see 2 orc priests and an orc wizard.

Vanquished Creatures
  A scorpion (D:3)
  A hound (D:2)
  Jessica (D:3)
  A worker ant (D:4)
  Robin (D:1)
  4 adders
  An ooze (D:2)
  A worm (D:4)
  A dart slug (D:2)
  3 leopard geckos
  8 orcs
  A ball python (D:2)
  2 giant cockroaches
  13 goblins
  8 hobgoblins
  2 jackals (D:1)
  5 kobolds
  A quokka (D:1)
  6 bats
  4 frilled lizards
  5 rats
70 creatures vanquished.

Notes
Turn   | Place    | Note
-------+----------+-------------------------------------------
     0 | D:1      | Gorice the Gnoll Arcane Marksman began the quest for the Orb.
     0 | D:1      | Reached XP level 1. HP: 15/15 MP: 3/3
    21 | D:1      | Reached skill level 3 in Bows
   241 | D:1      | Reached XP level 2. HP: 21/21 MP: 0/4
   715 | D:1      | Reached skill level 4 in Bows
  1022 | D:2      | Noticed Robin
  1111 | D:1      | Reached XP level 3. HP: 22/26 MP: 2/5
  1367 | D:2      | Reached XP level 4. HP: 19/32 MP: 2/6
  1635 | D:2      | Reached skill level 5 in Bows
  1859 | D:1      | HP: 1/32 [goblin/exploding inner flame[the player character] (29)]
  2844 | D:1      | Killed Robin
  2844 | D:1      | Reached skill level 5 in Hexes
  3256 | D:2      | Reached XP level 5. HP: 29/37 MP: 5/7
  3408 | D:2      | Learned a level 2 spell: Slow
  4110 | D:3      | Noticed Jessica
  4134 | D:3      | Killed Jessica
  4134 | D:3      | Reached skill level 6 in Bows
  4477 | D:3      | Found a shadowy altar of Dithmenos.
  4798 | D:3      | Reached XP level 6. HP: 36/43 MP: 6/8
  4904 | D:4      | Found a shattered altar of Ashenzari.
  4920 | D:4      | Reached skill level 7 in Bows
  4992 | D:4      | Gained mutation: You are frail. (-10% HP) [potion of mutation]
  4992 | D:4      | Gained mutation: You tend to lose your temper in combat. [potion of mutation]
  4992 | D:4      | Lost mutation: You tend to lose your temper in combat. [potion of mutation]
  4992 | D:4      | HP: 6/38 [orc priest/nerve-wracking pain (11)]
  4993 | D:4      | Killed from afar by an orc priest

Vault maps used:
D:1:      dpeg_arrival_tiny_a
D:2:      uniq_robin
D:3:      nicolae_overflow_crystal_walls, kennysheep_generic_room_4,
          uniq_jessica
D:4:      lemuel_zombie_altar_kikubaaqudgha, evilmike_ruin_ashenzari,
          gammafunk_temple_overflow_forgotten, first_bread, st_stairs_11,
          tgw_kikubaaqudgha, uniq_grinder

Skill      XL: |  1  2  3  4  5  6 |
---------------+-------------------+-----
Bows           | 3 4 5 6 7 |  7.1
Hexes          | 5 |  5.9
Fighting       | |  1.3
Dodging        | |  2.6
Spellcasting   | |  1.5

Action                   |  1- 3 |  4- 6 || total
-------------------------+-------+-------++-------
Melee: Short sword       |       |    10 ||    10
       Dagger            |       |   107 ||   107
       Bite              |       |     3 ||     3
 Fire: Shortbow          |    74 |    66 ||   140
Throw: Stone             |       |     2 ||     2
 Cast: Corona            |    29 |    51 ||    80
       Slow              |       |     2 ||     2
  Use: Scroll            |     3 |     6 ||     9
       Potion            |       |     2 ||     2
 Stab: Sleeping          |       |     1 ||     1
  Eat: Chunk             |     2 |    13 ||    15
Armor: Robe              |    14 |    35 ||    49
Dodge: Dodged            |    36 |   120 ||   156

Table legend:
 A = Spawn XP
 B = Non-spawn XP
 C = Spawn XP percentage of total XP
 D = Spawn monster count
 E = Non-spawn monster count
 F = Spawn count percentage of total count
 G = Total turns spent on level
                    A         B        C        D         E        F      G
               +---------+---------+-------+---------+---------+-------+---------
         Total |       0 |     377 |   0.0 |       0 |      70 |   0.0 |  4993
               +---------+---------+-------+---------+---------+-------+---------
           D:1 |       0 |      72 |   0.0 |       0 |      32 |   0.0 |  2460
           D:2 |       0 |     109 |   0.0 |       0 |      19 |   0.0 |  1187
           D:3 |       0 |     158 |   0.0 |       0 |      17 |   0.0 |  1218
           D:4 |       0 |      38 |   0.0 |       0 |       2 |   0.0 |   128
               +---------+---------+-------+---------+---------+-------+---------

Table legend:
 A = Turns spent in this place as a percentage of turns spent in the entire game.
 B = Non-inter-level travel turns spent in this place as a percentage of non-inter-level travel turns spent in the entire game.
 C = Inter-level travel turns spent in this place as a percentage of turns spent in this place.
 D = Turns resting spent in this place as a percentage of non-inter-level travel turns spent in this place.
 E = Turns spent auto-exploring this place as a percentage of non-inter-level travel turns spent in this place.
 F = Non-inter-level travel turns spent in this place divided by the number of levels of this place that you've seen.
                   A       B       C       D       E      F
               +-------+-------+-------+-------+-------+----------------------
         Total | 100.0 | 100.0 |   5.2 |  46.5 |  23.3 | 1182.8
       Dungeon | 100.0 | 100.0 |   5.2 |  46.5 |  23.3 | 1182.8
               +-------+-------+-------+-------+-------+----------------------

Vault maps used:
D:1:      dpeg_arrival_tiny_a
D:2:      uniq_robin
D:3:      nicolae_overflow_crystal_walls, kennysheep_generic_room_4,
          uniq_jessica
D:4:      lemuel_zombie_altar_kikubaaqudgha, evilmike_ruin_ashenzari,
          gammafunk_temple_overflow_forgotten, first_bread, st_stairs_11,
          tgw_kikubaaqudgha, uniq_grinder
